 Dungeon Crawl Stone Soup version 0.31-a0-986-g5e6e4ef867 (webtiles) character file.

Game seed: 10896768543818884514

711 Dittersdorf the Shield-Bearer (level 7, -2/44 HPs)
             Began as a Gargoyle Fighter on Nov 3, 2023.
             Was an Initiate of Gozag.
             Slain by a lemure (7 damage)
             ... led by Pikel
             ... in the Ecumenical Temple.
             The game lasted 00:06:25 (4111 turns).

Dittersdorf the Shield-Bearer (Gargoyle Fighter)    Turns: 4111, Time: 00:06:26

Health: -2/44      AC: 14    Str: 22    XL:     7   Next: 68%
Magic:  7/7        EV: 10    Int:  8    God:    Gozag
Gold:   70         SH:  5    Dex: 15    Spells: 6/6 levels left

rFire   + + .        p - +0 morningstar
rCold   . . .        c - +0 buckler
rNeg    + . .        n - +2 ring mail {rF+}
rPois   ∞            (no helmet)
rElec   +            f - +0 cloak
rCorr   .            (no gloves)
SInv    .            (no boots)
Will    .....        (no amulet)
Stlth   +            e - +6 ring of dexterity
HPRegen 0.27/turn    u - ring of protection from fire
MPRegen 0.10/turn

%: no passive effects
@: no status effects
A: sickness immunity, AC +4, negative energy resistance 1, electricity
resistance, torment resistance 1, petrification resistance
a: Renounce Religion, Potion Petition, Call Merchant, Bribe Branch


You were in the Ecumenical Temple.
You worshipped Gozag.
Gozag was noncommittal.
You visited 2 branches of the dungeon, and saw 6 of its levels.

You collected 126 gold pieces.
You paid 56 gold pieces to Gozag.

Inventory:

Hand Weapons
 p - a +0 morningstar (weapon)
Armour
 c - a +0 buckler (worn)
 f - a +0 cloak (worn)
 n - a +2 ring mail of fire resistance (worn)
Jewellery
 e - a +6 ring of dexterity (left hand)
 u - a ring of protection from fire (right hand)
Wands
 q - a wand of quicksilver (4)
Scrolls
 a - a scroll of acquirement {unknown}
 h - a scroll of amnesia {unknown}
 i - a scroll of poison {unknown}
 j - a scroll of silence {unknown}
 k - 2 scrolls of vulnerability {unknown}
 l - 2 scrolls of noise {unknown}
 m - a scroll of blinking
 o - 2 scrolls of teleportation {unknown}
Potions
 b - a potion of curing
 d - 4 potions of might
 g - 2 potions of enlightenment
 r - a potion of heal wounds
 t - 2 potions of mutation


   Skills:
 + Level 5.5 Fighting
 + Level 4.4 Maces & Flails
 + Level 5.5 Armour
 + Level 5.5 Shields


You had 6 spell levels left.
You didn't know any spells.
Your spell library contained the following spells:

 Spells                   Type           Power      Damage    Failure   Level
 Kiss of Death            Conj/Necr      0%         2d5       63%         1
 Call Canine Familiar     Summ           0%         N/A       94%         3
 Confusing Touch          Hex            0%         N/A       94%         3
 Sigil of Binding         Hex            0%         N/A       94%         3
 Dimensional Bullseye     Hex/Tloc       0%         N/A       100%        4
 Dispel Undead            Necr           0%         3d6       100%        4
 Leda's Liquefaction      Hex/Erth       0%         N/A       100%        4


Dungeon Overview and Level Annotations

Branches:
Dungeon (5/15)             Temple (1/1) D:5

Altars:
Dithmenos
Gozag
Kikubaaqudgha
Makhleb
Qazlal
Xom

Shops:
D:1 ?

Annotations:
D:4 1 runed translucent door, Brisketman's ghost, amateur TeAE
D:5 1 runed translucent door, Firecrotchwizard's ghost, novice DgSh
Temple Pikel


Innate Abilities, Weirdness & Mutations

You are immune to sickness and miasma.
Your stone body is resilient. (AC +4)
You are immune to poison.
You resist negative energy. (rN+)
You are resistant to electric shocks. (rElec)
You are resistant to unholy torment.
You are immune to petrification.


Message History

Aim: Pikel, wielding a +1 whip of freezing and wearing a +0 robe (poisoned, 50% to hit)
You throw a poisoned dart. The poisoned dart hits Pikel.
The lemure hits you. You block Pikel's attack.
The lemure hits you but does no damage. You block the lemure's attack.
Throw: dart (poison)
Press: ? - help, Q - select action, (/) - cycle Shift-Dir - straight line, f/p - Pikel
Aim: Pikel, wielding a +1 whip of freezing and wearing a +0 robe (poisoned, 50% to hit)
You throw a poisoned dart. The poisoned dart closely misses Pikel.
The lemure barely misses you. Pikel barely misses you.
You block the lemure's attack. The lemure hits you but does no damage.
You hit Pikel.
Pikel is lightly wounded.
The lemure hits you but does no damage.
Pikel hits you with a +1 whip of freezing.
Pikel freezes you. The lemure barely misses you. x2
The lemure hits you but does no damage.
You closely miss Pikel.
Pikel is lightly wounded.
Pikel hits you but does no damage. You block the lemure's attack.
The lemure hits you but does no damage. The lemure hits you.
* * * LOW HITPOINT WARNING * * *
Pikel hits you but does no damage. The lemure closely misses you.
The lemure hits you but does no damage.
You closely miss Pikel.
Pikel is lightly wounded.
You block the lemure's attack. Pikel barely misses you. The lemure hits you!
* * * LOW HITPOINT WARNING * * *
The lemure hits you.
* * * LOW HITPOINT WARNING * * *
You barely miss Pikel.
Pikel is lightly wounded.
Pikel looks more healthy.
You block the lemure's attack. Pikel hits you but does no damage.
The lemure barely misses you. You block the lemure's attack.
The lemure barely misses you. The lemure attacks as it pursues you!
The lemure barely misses you. Pikel attacks as he pursues you!
Pikel hits you but does no damage. The lemure hits you!
You die...
Your body crumbles into a pile of gold.

##.....## ##.......##
#.........# #..⌠...⌠..#
##.........##
##...........##
#.............#
#.._...<..._..#
##.........5@..##
##..........5K...##
#...........5.....#
#..⌠...<...<...⌠..#
##..........(......##
##...................##
#.....................#
#.._...⌠..._...⌠..._..#
#.....................#


You could see Pikel and 3 lemures.

Vanquished Creatures
  Grinder (D:5)
  A black bear (D:5)
  An ogre (D:4)
  2 orc priests
  3 hounds (D:4)
  An orc wizard (D:3)
  7 adders
  3 worms
  2 dart slugs
  12 orcs
  8 endoplasms
  5 giant cockroaches
  10 goblins
  5 hobgoblins
  12 kobolds
  3 quokkas
  7 ball pythons
  6 bats
  6 frilled lizards
  8 rats
103 creatures vanquished.

Notes
Turn   | Place    | Note
-------+----------+-------------------------------------------
     0 | D:1      | Dittersdorf the Gargoyle Fighter began the quest for the
                  | Orb.
     0 | D:1      | Reached XP level 1. HP: 14/14 MP: 1/1
    43 | D:1      | Reached XP level 2. HP: 12/19 MP: 2/2
   215 | D:1      | Found Lid Doug's Magic Scroll Boutique.
   370 | D:1      | Reached XP level 3. HP: 23/23 MP: 3/3
  1420 | D:2      | Reached XP level 4. HP: 29/29 MP: 4/4
  1775 | D:2      | Found a faded altar of an unknown god.
  2288 | D:3      | Reached XP level 5. HP: 31/33 MP: 5/5
  3017 | D:4      | Found a runed translucent door.
  3019 | D:4      | Noticed Brisketman's ghost (amateur TeAE)
  3028 | D:4      | Reached XP level 6. HP: 35/39 MP: 6/6
  3761 | D:5      | Entered Level 5 of the Dungeon
  3843 | D:5      | Reached skill level 5 in Fighting
  3843 | D:5      | Reached skill level 5 in Shields
  3845 | D:5      | Noticed a black bear
  3856 | D:5      | Killed a black bear
  3857 | D:5      | Reached skill level 5 in Armour
  3857 | D:5      | Reached XP level 7. HP: 36/44 MP: 7/7
  3903 | D:5      | Noticed Grinder
  3921 | D:5      | Found a runed translucent door.
  3921 | D:5      | Noticed Firecrotchwizard's ghost (novice DgSh)
  3931 | D:5      | Paralysed by Grinder for 2 turns
  3942 | D:5      | Killed Grinder
  4048 | D:5      | Found a staircase to the Ecumenical Temple.
  4051 | D:5      | Noticed Pikel
  4057 | Temple   | Entered the Ecumenical Temple
  4091 | Temple   | Became a worshipper of Gozag Ym Sagoz the Greedy
  4111 | Temple   | Slain by a lemure

Illustrated notes

Levels and vault maps discovered:
D:1:      spicycebolla_green_bress_n_ham, layout_loops_ring, serial_shops,
          nicolae_shop_peninsula, lexackson_kobold_supper
D:2:      layout_loops_ring, ebering_ecumenical_altar_rust,
          lightli_corner_chamber
D:3:      layout_basic, minivault_24
D:4:      layout_basic, ebering_ghost_sewer_d, nicolae_elevator_lobby_plus
D:5:      layout_rooms, nicolae_overflows_in_rows,
          minmay_temple_entry_proselytizer, hellmonk_ghost_happy_afterlife,
          uniq_grinder, uniq_pikel
Temple:   nicolae_temple_ecumenical_triangle

Skill      XL: |  1  2  3  4  5  6 |
---------------+-------------------+-----
Fighting       | 4 5 |  5.5
Shields        | 4 5 |  5.5
Armour         | 4 5 |  5.5
Maces & Flails | 3 4 |  4.4

Action                     |  1- 3 |  4- 6 |  7- 9 || total
---------------------------+-------+-------+-------++-------
  Melee: Flail             |   483 |    69 |       ||   552
         Morningstar       |       |   144 |    21 ||   165
  Throw: Dart              |       |     7 |    10 ||    17
  Evoke: Wand              |       |       |     2 ||     2
    Use: Scroll            |       |     6 |     1 ||     7
 Armour: Scale mail        |    92 |    26 |       ||   118
         Ring mail         |       |   137 |    41 ||   178
  Dodge: Dodged            |    61 |   117 |    18 ||   196
  Block: Buckler           |    28 |    64 |    15 ||   107

Table legend: (Time is in decaauts)
 A = Elapsed time spent in this place.
 B = Non-inter-level travel time spent in this place.
 C = Inter-level travel time spent in this place.
 D = Time resting spent in this place.
 E = Time spent auto-exploring this place.
 F = Levels seen in this place.
 G = Mean time per level.
                   A        B        C        D        E       F      G
               +--------+--------+--------+--------+--------+-----+--------+
         Total |   4339 |   4141 |    198 |    272 |   2415 |   6 |  723.2 |
       Dungeon |   4285 |   4087 |    198 |    272 |   2415 |   5 |  857.0 |
        Temple |     54 |     54 |      0 |      0 |      0 |   1 |   54.0 |
               +--------+--------+--------+--------+--------+-----+--------+

Top non-repeatable levels by time:
     D:1: 1528 daAuts
     D:4: 1143 daAuts
     D:2: 694 daAuts
     D:3: 607 daAuts
     D:5: 311 daAuts
  Temple: 54 daAuts
